Workbook

Sheet Лист1
S1: Приложение к письму
S2: Департамента финансов Томской области
S3: от .03.2023 №50-02/18-
A5: Оперативная информация о плановых ассигнованиях и кассовом исполнении расходов консолидированного бюджета Томской области на реализацию региональных проектов Томской области по состоянию на 01.02.2024
U7: (тыс. рублей)
A8: № п/п | B8: Наименование | C8: Код ГРБС | D8: Наименование ГРБС | E8: Код целевой статьи областного бюджета | F8: 2024 год | N8: 2025 год | R8: 2026 год | V8: % исполнения
F9: Плановые ассигнования*, в том числе | J9: Кассовое исполнение, в том числе | N9: Плановые ассигнования*, в том числе | R9: Плановые ассигнования*, в том числе
F10: ИТОГО | G10: за счет средств областного бюджета | H10: за счет средств федерального бюджета | I10: за счет средств местных бюджетов** | J10: ИТОГО | K10: за счет средств областного бюджета | L10: за счет средств федерального бюджета | M10: за счет средств местных бюджетов** | N10: ИТОГО | O10: за счет средств областного бюджета | P10: за счет средств федерального бюджета | Q10: за счет средств местных бюджетов | R10: ИТОГО | S10: за счет средств областного бюджета | T10: за счет средств федерального бюджета | U10: за счет средств местных бюджетов
A11: 1 | B11: 2 | C11: 3 | D11: 4 | E11: 5 | F11: 6 | G11: 7 | H11: 8 | I11: 9 | J11: 10 | K11: 11 | L11: 12 | M11: 13 | N11: 10 | O11: 11 | P11: 12 | Q11: 13 | R11: 14 | S11: 15 | T11: 16 | U11: 17 | V11: 22
B12: ВСЕГО: | F12: =G12+H12+I12 -> 17481209 | G12: =G13+G41+G70+G104+G111+G127+G144+G163+G187+G206+G213+G218+G228+G232 -> 6903719.8 | H12: =H13+H41+H70+H104+H111+H127+H144+H163+H187+H206+H213+H218+H228+H232 -> 10049678 | I12: =I13+I41+I70+I104+I111+I127+I144+I163+I187+I206+I213+I218+I228+I232 -> 527811.7 | J12: =K12+L12+M12 -> 160465.1 | K12: =K13+K41+K70+K104+K111+K127+K144+K163+K187+K206+K213+K218+K228+K232 -> 130763 | L12: =L13+L41+L70+L104+L111+L127+L144+L163+L187+L206+L213+L218+L228+L232 -> 28497.1 | M12: =M13+M41+M70+M104+M111+M127+M144+M163+M187+M206+M213+M218+M228+M232 -> 1205 | N12: =O12+P12+Q12 -> 12346291 | O12: =O13+O41+O70+O104+O111+O127+O144+O163+O187+O206+O213+O218+O228+O232 -> 4293486.6 | P12: =P13+P41+P70+P104+P111+P127+P144+P163+P187+P206+P213+P218+P228+P232 -> 7760763.9 | Q12: =Q13+Q41+Q70+Q104+Q111+Q127+Q144+Q163+Q187+Q206+Q213+Q218+Q228+Q232 -> 292040.1 | R12: =S12+T12+U12 -> 8593352.8 | S12: =S13+S41+S70+S104+S111+S127+S144+S163+S187+S206+S213+S218+S228+S232 -> 3332526.1 | T12: =T13+T41+T70+T104+T111+T127+T144+T163+T187+T206+T213+T218+T228+T232 -> 4974208.1 | U12: =U13+U41+U70+U104+U111+U127+U144+U163+U187+U206+U213+U218+U228+U232 -> 286618.6 | V12: =J12/F12 -> 0.009
A13: 1 | B13: Национальный проект "Демография" | C13: Х | D13: Х | E13: Х | F13: =G13+H13+I13 -> 524904.9 | G13: =G15+G30+G34+G21 -> 208852.2 | H13: =H15+H30+H34+H21 -> 300182.4 | I13: =I15+I30+I34+I21 -> 15870.3 | J13: =K13+L13+M13 -> 15080.7 | K13: =K15+K21+K30+K34 -> 3596.1 | L13: =L15+L21+L30+L34 -> 10279.6 | M13: =M15+M21+M30+M34 -> 1205 | N13: =O13+P13+Q13 -> 271990.2 | O13: =O15+O30+O34+O21 -> 168345.8 | P13: =P15+P30+P34+P21 -> 91993 | Q13: =Q15+Q30+Q34+Q21 -> 11651.4 | R13: =S13+T13+U13 -> 488351.4 | S13: =S15+S30+S34+S21 -> 189140.9 | T13: =T15+T30+T34+T21 -> 291151 | U13: =U15+U30+U34+U21 -> 8059.5 | V13: =J13/F13 -> 0.029
B14: из них
A15: 1.1 | B15: Региональный проект "Содействие занятости" | C15: Х | D15: Х | E15: Х | F15: =G15+H15+I15 -> 8937.1 | G15: =SUM(G17:G20) -> 268.2 | H15: =SUM(H17:H20) -> 8668.9 | I15: =SUM(I19:I20) -> 0 | J15: =K15+L15+M15 -> 0 | K15: =K17+K18+K19+K20 -> 0 | L15: =L17+L19+L20+L18 -> 0 | M15: =M17+M19+M20 -> 0 | N15: =O15+P15+Q15 -> 127.6 | O15: =SUM(O17:O20) -> 127.6 | P15: =SUM(P17:P20) -> 0 | Q15: =SUM(Q17:Q20) -> 0 | R15: =S15+T15+U15 -> 127.6 | S15: =SUM(S17:S20) -> 127.6 | T15: =SUM(T17:T20) -> 0 | U15: =SUM(U17:U20) -> 0 | V15: =J15/F15 -> 0
B16: из них
B17: Создание дополнительных мест для детей в возрасте от 1,5 до 3 лет любой направленности в организациях, осуществляющих образовательную деятельность (за исключением государственных, муниципальных), и у индивидуальных предпринимателей, осуществляющих образовательную деятельность по образовательным программам дошкольного образования, в том числе адаптированным, и присмотр и уход за детьми | C17: 815 | D17: Департамент общего образования Томской области | E17: 09WP252530 | F17: =G17+H17+I17 -> 0 | G17: 0 | H17: 0 | J17: =K17+L17+M17 -> 0 | L17: 0 | N17: =O17+P17+Q17 -> 0 | R17: =S17+T17+U17 -> 0 | V17: =J17/F17 -> #DIV/0!
B18: Организация профессионального обучения и дополнительного профессионального образования работников предприятий оборонно-промышленного комплекса, а также граждан, обратившихся в органы службы занятости за содействием в поиске подходящей работы и заключивших ученический договор с предприятиями оборонно-промышленного комплекса | C18: 839 | D18: Департамент труда и занятости населения Томской области | E18: 05WP252920 | F18: =G18+H18+I18 -> 8937.1 | G18: 268.2 | H18: 8668.9 | J18: =K18+L18+M18 -> 0 | K18: 0 | L18: 0 | N18: =O18+P18+Q18 -> 127.6 | O18: 127.6 | R18: =S18+T18+U18 -> 127.6 | S18: 127.6 | V18: =J18/F18 -> 0
B19: Реализация дополнительных мероприятий, направленных на снижение напряженности на рынке труда субъектов Российской Федерации, по организации временного трудоустройства | C19: 839 | D19: Департамент труда и занятости населения Томской области | E19: 05WP252980 | F19: =G19+H19+I19 -> 0 | G19: 0 | H19: 0 | J19: =K19+L19+M19 -> 0 | K19: 0 | L19: 0 | N19: =O19+P19+Q19 -> 0 | R19: =S19+T19+U19 -> 0 | V19: =J19/F19 -> #DIV/0!
B20: Реализация дополнительных мероприятий, направленных на снижение напряженности на рынке труда субъектов Российской Федерации, по организации общественных работ | C20: 839 | D20: Департамент труда и занятости населения Томской области | E20: 05WP253000 | F20: =G20+H20+I20 -> 0 | G20: 0 | H20: 0 | J20: =K20+L20+M20 -> 0 | K20: 0 | L20: 0 | N20: =O20+P20+Q20 -> 0 | R20: =S20+T20+U20 -> 0 | V20: =J20/F20 -> #DIV/0!
A21: 1.2 | B21: Региональный проект "Спорт - норма жизни", всего | F21: =G21+H21+I21 -> 195501 | G21: =SUM(G23:G29) -> 173869 | H21: =SUM(H23:H29) -> 5761.7 | I21: =SUM(I23:I29) -> 15870.3 | J21: =K21+L21+M21 -> 3265.1 | K21: =K23+K24+K25+K27+K28+K29 -> 2060.1 | L21: =L23+L24+L25+L27+L28+L29 -> 0 | M21: =M23+M24+M25+M27+M28+M29 -> 1205 | N21: =O21+P21+Q21 -> 171883.7 | O21: =SUM(O23:O29) -> 160232.3 | P21: =SUM(P23:P29) -> 0 | Q21: =SUM(Q23:Q29) -> 11651.4 | R21: =S21+T21+U21 -> 168291.8 | S21: =SUM(S23:S29) -> 160232.3 | T21: =SUM(T23:T29) -> 0 | U21: =SUM(U23:U29) -> 8059.5 | V21: =J21/F21 -> 0.017
B22: из них
B23: Приобретение оборудования для малобюджетных спортивных площадок по месту жительства и учебы в муниципальных образованиях Томской области, за исключением муниципального образования "Город Томск", муниципального образования "Городской округ закрытое административно-территориальное образование Северск Томской области" | C23: 813 | D23: Департамент по молодежной политике, физической культуре и спорту Томской области | E23: 08WP540006 | F23: =G23+H23+I23 -> 21988.7 | G23: 20475 | I23: 1513.7 | J23: =K23+L23+M23 -> 0 | K23: 0 | M23: 0 | N23: =O23+P23+Q23 -> 21235.3 | O23: 20475 | Q23: 760.3 | R23: =S23+T23+U23 -> 21371.9 | S23: 20475 | U23: 896.9 | V23: =J23/F23 -> 0
B24: Обеспечение уровня финансирования организаций, осуществляющих спортивную подготовку, в соответствии с требованиями федеральных стандартов спортивной подготовки | C24: 813 | D24: Департамент по молодежной политике, физической культуре и спорту Томской области | E24: 08WP540007 | F24: =G24+H24+I24 -> 31609.6 | G24: 30000 | I24: 1609.6 | J24: =K24+L24+M24 -> 0 | K24: 0 | M24: 0 | N24: =O24+P24+Q24 -> 31598.7 | O24: 30000 | Q24: 1598.7 | R24: =S24+T24+U24 -> 30508.5 | S24: 30000 | U24: 508.5 | V24: =J24/F24 -> 0
B25: Обеспечение условий для развития физической культуры и массового спорта | C25: 813 | D25: Департамент по молодежной политике, физической культуре и спорту Томской области | E25: 08WP540008 | F25: =G25+H25+I25 -> 122307.3 | G25: 109757.3 | I25: 12550 | J25: =K25+L25+M25 -> 3265.1 | K25: 2060.1 | M25: 1205 | N25: =O25+P25+Q25 -> 119029.6 | O25: 109757.3 | Q25: 9272.3 | R25: =S25+T25+U25 -> 116401.3 | S25: 109757.3 | U25: 6644 | V25: =J25/F25 -> 0.027
B26: Разработка проектной документации на строительство спортивных объектов муниципальной собственности | C26: 821 | D26: Департамент архитектуры и строительства Томской области | E26: 08WP54П020 | F26: =G26+H26+I26 -> 10080 | G26: 10080 | J26: =K26+L26+M26 -> 0 | N26: =O26+P26+Q26 -> 0 | R26: =S26+T26+U26 -> 0 | V26: =J26/F26 -> 0
B27: Государственная поддержка спортивных организаций, осуществляющих подготовку спортивного резерва для спортивных сборных команд, в том числе спортивных сборных команд Российской Федерации | C27: 813 | D27: Департамент по молодежной политике, физической культуре и спорту Томской области | E27: 08WP550810 | F27: =G27+H27+I27 -> 7991 | G27: 3000 | H27: 4794 | I27: 197 | J27: =K27+L27+M27 -> 0 | K27: 0 | L27: 0 | M27: 0 | N27: =O27+P27+Q27 -> 20.1 | O27: 0 | P27: 0 | Q27: 20.1 | R27: =S27+T27+U27 -> 10.1 | S27: 0 | U27: 10.1 | V27: =J27/F27 -> 0
B28: Оснащение объектов спортивной инфраструктуры спортивно-технологическим оборудованием | C28: 813 | D28: Департамент по молодежной политике, физической культуре и спорту Томской области | E28: 08WP552280 | F28: =G28+H28+I28 -> 0 | G28: 0 | H28: 0 | I28: 0 | J28: =K28+L28+M28 -> 0 | K28: 0 | L28: 0 | M28: 0 | N28: =O28+P28+Q28 -> 0 | O28: 0 | R28: =S28+T28+U28 -> 0 | S28: 0 | V28: =J28/F28 -> #DIV/0!
B29: Приобретение спортивного оборудования и инвентаря для приведения организаций спортивной подготовки в нормативное состояние | C29: 813 | D29: Департамент по молодежной политике, физической культуре и спорту Томской области | E29: 08WP552290 | F29: =G29+H29+I29 -> 1524.4 | G29: 556.7 | H29: 967.7 | J29: =K29+L29+M29 -> 0 | K29: 0 | L29: 0 | N29: =O29+P29+Q29 -> 0 | O29: 0 | P29: 0 | R29: =S29+T29+U29 -> 0 | S29: 0 | V29: =J29/F29 -> 0
A30: 1.3 | B30: Региональный проект "Финансовая поддержка семей при рождении детей", всего | C30: Х | D30: Х | E30: Х | F30: =G30+H30+I30 -> 251056.1 | G30: =SUM(G32:G33) -> 32637.3 | H30: =SUM(H32:H33) -> 218418.8 | I30: =SUM(I32:I33) -> 0 | J30: =K30+L30+M30 -> 11815.6 | K30: =SUM(K32:K33) -> 1536.03 | L30: =SUM(L32:L33) -> 10279.6 | M30: =SUM(M32:M33) -> 0 | N30: =O30+P30+Q30 -> 99823.7 | O30: =SUM(O32:O33) -> 7985.9 | P30: =SUM(P32:P33) -> 91837.8 | Q30: =SUM(Q32:Q33) -> 0 | R30: =S30+T30+U30 -> 0 | S30: =SUM(S32:S33) -> 0 | T30: =SUM(T32:T33) -> 0 | U30: =SUM(U32:U33) -> 0 | V30: =J30/F30 -> 0.047
B31: из них
B32: Осуществление ежемесячной денежной выплаты, назначаемой в случае рождения третьего ребенка или последующих детей до достижения ребенком возраста трех лет | C32: 809 | D32: Департамент социальной защиты населения Томской области | E32: 11WP150840 | F32: =G32+H32+I32 -> 251056.1 | G32: 32637.3 | H32: 218418.8 | J32: =K32+L32+M32 -> 11815.6 | K32: 1536.03 | L32: 10279.58 | N32: =O32+P32+Q32 -> 99823.7 | O32: 7985.9 | P32: 91837.8 | R32: =S32+T32+U32 -> 0 | S32: 0 | T32: 0 | V32: =J32/F32 -> 0.047
B33: Ежемесячная денежная выплата нуждающейся в поддержке семье, назначаемая в случае рождения после 31 декабря 2012 года третьего ребенка или последующих детей до достижения ребенком возраста трех лет | C33: 809 | D33: Департамент социальной защиты населения Томской области | E33: 11WP1Д0840 | F33: =G33+H33+I33 -> 0 | G33: 0 | J33: =K33+L33+M33 -> 0 | K33: 0 | N33: =O33+P33+Q33 -> 0 | O33: 0 | R33: =S33+T33+U33 -> 0 | S33: 0 | V33: =J33/F33 -> #DIV/0!
A34: 1.4 | B34: Региональный проект "Старшее поколение" | E34: Х | F34: =G34+H34+I34 -> 69410.7 | G34: =SUM(G36:G40) -> 2077.7 | H34: =SUM(H36:H40) -> 67333 | I34: =SUM(I36:I40) -> 0 | J34: =K34+L34+M34 -> 0 | K34: =K40+K37+K39+K36+K38 -> 0 | L34: =L40+L37+L39+L36+L38 -> 0 | M34: =M40+M37+M39+M36+M38 -> 0 | N34: =O34+P34+Q34 -> 155.2 | O34: =SUM(O36:O40) -> 0 | P34: =SUM(P36:P40) -> 155.2 | Q34: =SUM(Q36:Q40) -> 0 | R34: =S34+T34+U34 -> 319932 | S34: =SUM(S36:S40) -> 28781 | T34: =SUM(T36:T40) -> 291151 | U34: =SUM(U36:U40) -> 0 | V34: =J34/F34 -> 0
B35: из них
B36: Финансовое обеспечение программ, направленных на обеспечение безопасных и комфортных условий предоставления социальных услуг в сфере социального обслуживания | C36: 821 | D36: Департамент архитектуры и строительства Томской области | E36: 11WP351210 | F36: =G36+H36+I36 -> 0 | J36: =K36+L36+M36 -> 0 | N36: =O36+P36+Q36 -> 0 | R36: =S36+T36+U36 -> 319781 | S36: 28781 | T36: 291000 | V36: =J36/F36 -> #DIV/0!
B37: Создание системы долговременного ухода за гражданами пожилого возраста и инвалидами за счет средств резервного фонда Правительства Российской Федерации | C37: 809 | D37: Департамент социальной защиты населения Томской области | E37: 11WP35163F | F37: =G37+H37+I37 -> 0 | G37: 0 | H37: 0 | J37: =K37+L37+M37 -> 0 | K37: 0 | L37: 0 | N37: =O37+P37+Q37 -> 0 | R37: =S37+T37+U37 -> 0 | V37: =J37/F37 -> #DIV/0!
B38: Создание системы долговременного ухода за гражданами пожилого возраста и инвалидами | C38: 809 | D38: Департамент социальной защиты населения Томской области | E38: 11WP351630 | F38: =G38+H38+I38 -> 69256.7 | G38: 2077.7 | H38: 67179 | J38: =K38+L38+M38 -> 0 | N38: =O38+P38+Q38 -> 0 | R38: =S38+T38+U38 -> 0 | V38: =J38/F38 -> 0
B39: Создание системы долговременного ухода за гражданами пожилого возраста и инвалидами за счет средств областного бюджета | C39: 809 | D39: Департамент социальной защиты населения Томской области | E39: 11WP3Д1630 | F39: =G39+H39+I39 -> 0 | G39: 0 | J39: =K39+L39+M39 -> 0 | K39: 0 | N39: =O39+P39+Q39 -> 0 | R39: =S39+T39+U39 -> 0 | V39: =J39/F39 -> #DIV/0!
B40: Проведение вакцинации против пневмококковой инфекции граждан старше трудоспособного возраста из групп риска, проживающих в организациях социального обслуживания | C40: 811 | D40: Департамент здравоохранения Томской области | E40: 11WP354680 | F40: =G40+H40+I40 -> 154 | H40: 154 | J40: =K40+L40+M40 -> 0 | L40: 0 | N40: =O40+P40+Q40 -> 155.2 | P40: 155.2 | R40: =S40+T40+U40 -> 151 | T40: 151 | V40: =J40/F40 -> 0
A41: 2 | B41: Национальный проект "Здравоохранение" | C41: Х | D41: Х | E41: Х | F41: =G41+H41+I41 -> 2032975.4 | G41: =G42+G46+G50+G56+G59 -> 1001967.4 | H41: =H42+H46+H50+H56+H59 -> 1031008 | I41: =I42+I46+I50+I56+I59 -> 0 | J41: =K41+L41+M41 -> 70.2 | K41: =K42+K46+K50+K56+K59 -> 2.1 | L41: =L42+L46+L50+L56+L59 -> 68.1 | M41: =M42+M46+M50+M56+M59 -> 0 | N41: =O41+P41+Q41 -> 2103144.3 | O41: =O42+O46+O50+O56+O59 -> 927437 | P41: =P42+P46+P50+P56+P59 -> 1175707.3 | Q41: =Q42+Q46+Q50+Q56+Q59 -> 0 | R41: =S41+T41+U41 -> 448550.5 | S41: =S42+S46+S50+S56+S59 -> 285945.6 | T41: =T42+T46+T50+T56+T59 -> 162604.9 | U41: =U42+U46+U50+U56+U59 -> 0 | V41: =J41/F41 -> 0
A42: 2.1 | B42: Региональный проект "Развитие системы оказания первичной медико-санитарной помощи", всего | C42: Х | D42: Х | E42: Х | F42: =G42+H42+I42 -> 370651.2 | G42: =SUM(G44:G45) -> 286557.4 | H42: =SUM(H44:H45) -> 84093.8 | I42: =SUM(I44:I45) -> 0 | J42: =K42+L42+M42 -> 0 | K42: =SUM(K44:K45) -> 0 | L42: =SUM(L44:L45) -> 0 | M42: =SUM(M44:M45) -> 0 | N42: =O42+P42+Q42 -> 370651.2 | O42: =SUM(O44:O45) -> 290231.9 | P42: =SUM(P44:P45) -> 80419.3 | Q42: =SUM(Q44:Q45) -> 0 | R42: =S42+T42+U42 -> 370651.2 | S42: =SUM(S44:S45) -> 278934.7 | T42: =SUM(T44:T45) -> 91716.5 | U42: =SUM(U44:U45) -> 0 | V42: =J42/F42 -> 0
B43: из них
B44: Обеспечение закупки авиационных работ в целях оказания медицинской помощи | C44: 811 | D44: Департамент здравоохранения Томской области | E44: 07WN155540 | F44: =G44+H44+I44 -> 198000 | G44: 113906.2 | H44: 84093.8 | J44: =SUM(K44:M44) -> 0 | K44: 0 | L44: 0 | N44: =O44+P44+Q44 -> 198000 | O44: 117580.7 | P44: 80419.3 | R44: =S44+T44+U44 -> 198000 | S44: 106283.5 | T44: 91716.5 | V44: =J44/F44 -> 0
B45: Оказание медицинской помощи с применением санитарной авиации | C45: 811 | D45: Департамент здравоохранения Томской области | E45: 07WN1Д5540 | F45: =G45+H45+I45 -> 172651.2 | G45: 172651.2 | J45: =SUM(K45:M45) -> 0 | K45: 0 | N45: =O45+P45+Q45 -> 172651.2 | O45: 172651.2 | R45: =S45+T45+U45 -> 172651.2 | S45: 172651.2 | V45: =J45/F45 -> 0
A46: 2.2 | B46: Региональный проект "Борьба с сердечно-сосудистыми заболеваниями", всего | C46: Х | D46: Х | E46: Х | F46: =G46+H46+I46 -> 149834.2 | G46: =SUM(G48:G49) -> 4495 | H46: =SUM(H48:H49) -> 145339.2 | I46: =SUM(I48:I49) -> 0 | J46: =K46+L46+M46 -> 70.2 | K46: =SUM(K48:K49) -> 2.1 | L46: =SUM(L48:L49) -> 68.1 | M46: =SUM(M48:M49) -> 0 | N46: =O46+P46+Q46 -> 66717.7 | O46: =SUM(O48:O49) -> 2001.5 | P46: =SUM(P48:P49) -> 64716.2 | Q46: =SUM(Q48:Q49) -> 0 | R46: =S46+T46+U46 -> 77899.3 | S46: =SUM(S48:S49) -> 7010.9 | T46: =SUM(T48:T49) -> 70888.4 | U46: =SUM(U48:U49) -> 0 | V46: =J46/F46 -> 0
B47: из них
B48: Оснащение оборудованием региональных сосудистых центров и первичных сосудистых отделений | C48: 811 | D48: Департамент здравоохранения Томской области | E48: 07WN251920 | F48: =G48+H48+I48 -> 83511 | G48: 2505.3 | H48: 81005.7 | J48: =SUM(K48:M48) -> 0 | L48: 0 | N48: =O48+P48+Q48 -> 0 | O48: 0 | P48: 0 | R48: =S48+T48+U48 -> 0 | V48: =J48/F48 -> 0
B49: Обеспечение профилактики развития сердечно-сосудистых заболеваний и сердечно-сосудистых осложнений у пациентов высокого риска, находящихся на диспансерном наблюдении | C49: 811 | D49: Департамент здравоохранения Томской области | E49: 07WN255860 | F49: =G49+H49+I49 -> 66323.2 | G49: 1989.7 | H49: 64333.5 | J49: =SUM(K49:M49) -> 70.2 | K49: 2.11 | L49: 68.12 | N49: =O49+P49+Q49 -> 66717.7 | O49: 2001.5 | P49: 64716.2 | R49: =S49+T49+U49 -> 77899.3 | S49: 7010.9 | T49: 70888.4 | V49: =J49/F49 -> 0.001
A50: 2.3 | B50: Региональный проект "Борьба с онкологическими заболеваниями", всего | C50: Х | D50: Х | E50: Х | F50: =G50+H50+I50 -> 49721 | G50: =SUM(G52:G55) -> 1491.6 | H50: =SUM(H52:H55) -> 48229.4 | I50: =SUM(I52:I55) -> 0 | J50: =SUM(J52:J55) -> 0 | K50: =SUM(K52:K55) -> 0 | L50: =SUM(L52:L55) -> 0 | M50: =SUM(M52:M55) -> 0 | N50: =SUM(N52:N54) -> 0 | O50: =SUM(O52:O55) -> 0 | P50: =SUM(P52:P55) -> 0 | Q50: =SUM(Q52:Q55) -> 0 | R50: =SUM(R52:R54) -> 0 | S50: =SUM(S52:S55) -> 0 | T50: =SUM(T52:T55) -> 0 | U50: =SUM(U52:U55) -> 0 | V50: =J50/F50 -> 0
B51: из них
B52: Переоснащение медицинских организаций, оказывающих медицинскую помощь больным с онкологическими заболеваниями | C52: 811 | D52: Департамент здравоохранения Томской области | E52: 07WN351900 | F52: =G52+H52+I52 -> 49721 | G52: 1491.6 | H52: 48229.4 | J52: =K52+L52+M52 -> 0 | L52: 0 | N52: =O52+P52+Q52 -> 0 | O52: 0 | P52: 0 | R52: =S52+T52+U52 -> 0 | V52: =J52/F52 -> 0
B53: Новое строительство и реконструкция | C53: 821 | D53: Департамент архитектуры и строительства Томской области | E53: 07WN352270 | F53: =G53+H53+I53 -> 0 | G53: 0 | H53: 0 | J53: =K53+L53+M53 -> 0 | K53: 0 | L53: 0 | N53: =O53+P53+Q53 -> 0 | R53: =S53+T53+U53 -> 0 | V53: =J53/F53 -> #DIV/0!
B54: Оснащение оборудованием, мебелью, медицинскими и иными изделиями объектов нового строительства и реконструкции медицинских организаций | C54: 811 | D54: Департамент здравоохранения Томской области | E54: 07WN352272 | F54: =G54+H54+I54 -> 0 | G54: 0 | J54: =K54+L54+M54 -> 0 | V54: =J54/F54 -> #DIV/0!
B55: Бюджетные ассигнования на объекты капитального строительства государственной собственности в сфере здравоохранения | C55: 821 | D55: Департамент архитектуры и строительства Томской области | E55: 07WN352271 | F55: =G55+H55+I55 -> 0 | G55: 0 | J55: =K55+L55+M55 -> 0 | K55: 0 | V55: =J55/F55 -> #DIV/0!
A56: 2.4 | B56: Региональный проект "Создание единого цифрового контура в здравоохранении на основе единой государственной информационной системы здравоохранения (ЕГИСЗ)" | C56: Х | D56: Х | E56: Х | F56: =G56+H56+I56 -> 64602.2 | G56: =SUM(G58) -> 1938.1 | H56: =SUM(H58) -> 62664.1 | I56: =SUM(I58) -> 0 | J56: =K56+L56+M56 -> 0 | K56: =K58 -> 0 | L56: =L58 -> 0 | M56: =SUM(M58:M67) -> 0 | N56: =O56+P56+Q56 -> 0 | O56: =SUM(O58) -> 0 | P56: =SUM(P58) -> 0 | Q56: =SUM(Q58:Q67) -> 0 | R56: =S56+T56+U56 -> 0 | S56: =SUM(S58) -> 0 | T56: =SUM(T58) -> 0 | U56: =SUM(U58:U67) -> 0 | V56: =J56/F56 -> 0
B57: из них
B58: Реализация региональных проектов "Создание единого цифрового контура в здравоохранении на основе единой государственной информационной системы здравоохранения (ЕГИСЗ)" | C58: 811 | D58: Департамент здравоохранения Томской области | E58: 07WN751140 | F58: =G58+H58+I58 -> 64602.2 | G58: 1938.1 | H58: 62664.1 | J58: =SUM(K58:M58) -> 0 | K58: 0 | L58: 0 | N58: =O58+P58+Q58 -> 0 | O58: 0 | P58: 0 | R58: =S58+T58+U58 -> 0 | S58: 0 | V58: =J58/F58 -> 0
A59: 2.5 | B59: Региональный проект "Модернизация первичного звена здравоохранения" | C59: Х | D59: Х | E59: Х | F59: =G59+H59+I59 -> 1398166.8 | G59: =SUM(G61:G69) -> 707485.3 | H59: =SUM(H61:H69) -> 690681.5 | I59: =SUM(I61:I69) -> 0 | J59: =K59+L59+M59 -> 0 | K59: =SUM(K61:K69) -> 0 | L59: =SUM(L61:L69) -> 0 | M59: =SUM(M61:M69) -> 0 | N59: =O59+P59+Q59 -> 1665775.4 | O59: =SUM(O61:O69) -> 635203.6 | P59: =SUM(P61:P69) -> 1030571.8 | Q59: =SUM(Q61:Q69) -> 0 | R59: =S59+T59+U59 -> 0 | S59: =SUM(S61:S69) -> 0 | T59: =SUM(T61:T69) -> 0 | U59: =SUM(U61:U69) -> 0 | V59: =J59/F59 -> 0
B60: из них
B61: Реализация региональных проектов модернизации первичного звена здравоохранения (капитальный ремонт зданий медицинских организаций) | C61: 821 | D61: Департамент архитектуры и строительства Томской области | E61: 07WN953651 | F61: =G61+H61+I61 -> 142053.9 | G61: 6005.1 | H61: 136048.8 | J61: =SUM(K61:M61) -> 0 | K61: 0 | L61: 0 | N61: =O61+P61+Q61 -> 436236.5 | O61: 18441.2 | P61: 417795.3 | R61: =S61+T61+U61 -> 0 | S61: 0 | T61: 0 | V61: =J61/F61 -> 0
B62: Реализация региональных проектов модернизации первичного звена здравоохранения (капитальный ремонт зданий медицинских организаций) | C62: 844 | D62: Комитет по охране объектов культурного наследия Томской области | E62: 07WN953651 | F62: =G62+H62+I62 -> 103463.4 | G62: 4373.7 | H62: 99089.7 | J62: =SUM(K62:M62) -> 0 | K62: 0 | L62: 0 | N62: =O62+P62+Q62 -> 0 | O62: 0 | P62: 0 | R62: =S62+T62+U62 -> 0 | S62: 0 | T62: 0 | V62: =J62/F62 -> 0
B63: Реализация региональных проектов модернизации первичного звена здравоохранения (капитальный ремонт зданий медицинских организаций) | C63: 844 | D63: Комитет по охране объектов культурного наследия Томской области | E63: 07WN9А3651 | F63: =G63+H63+I63 -> 97688.9 | G63: 97688.9 | J63: =SUM(K63:M63) -> 0 | N63: =O63+P63+Q63 -> 0 | R63: =S63+T63+U63 -> 0 | V63: =J63/F63 -> 0
B64: Реализация региональных проектов модернизации первичного звена здравоохранения (оснащение автомобильным транспортом медицинских организаций) | C64: 811 | D64: Департамент здравоохранения Томской области | E64: 07WN953652 | F64: =G64+H64+I64 -> 28509.1 | G64: 1205.2 | H64: 27303.9 | J64: =SUM(K64:M64) -> 0 | K64: 0 | L64: 0 | N64: =O64+P64+Q64 -> 29667.2 | O64: 1254.1 | P64: 28413.1 | R64: =S64+T64+U64 -> 0 | S64: 0 | T64: 0 | V64: =J64/F64 -> 0
B65: Реализация региональных проектов модернизации первичного звена здравоохранения (приведение материально-технической базы медицинских организаций в соответствие с требованиями порядков оказания медицинской помощи, их дооснащение и переоснащение оборудованием для оказания медицинской помощи) | C65: 811 | D65: Департамент здравоохранения Томской области | E65: 07WN953653 | F65: =G65+H65+I65 -> 0 | G65: 0 | H65: 0 | J65: =SUM(K65:M65) -> 0 | K65: 0 | L65: 0 | N65: =O65+P65+Q65 -> 5488.6 | O65: 232 | P65: 5256.6 | R65: =S65+T65+U65 -> 0 | S65: 0 | T65: 0 | V65: =J65/F65 -> #DIV/0!
B66: Реализация региональных проектов модернизации первичного звена здравоохранения (приобретение быстровозводимых модульных конструкций врачебных амбулаторий, центров (отделений) общей врачебной практики (семейной медицины), фельдшерско-акушерских пунктов, фельдшерских здравпунктов медицинских организаций, получивших лицензию на осуществление медицинской деятельности) | C66: 811 | D66: Департамент здравоохранения Томской области | E66: 07WN953654 | F66: =G66+H66+I66 -> 0 | G66: 0 | H66: 0 | J66: =SUM(K66:M66) -> 0 | K66: 0 | L66: 0 | N66: =O66+P66+Q66 -> 18749.5 | O66: 792.6 | P66: 17956.9 | R66: =S66+T66+U66 -> 0 | S66: 0 | T66: 0 | V66: =J66/F66 -> #DIV/0!
B67: Реализация региональных проектов модернизации первичного звена здравоохранения (строительство объектов капитального строительства медицинских организаций) | C67: 821 | D67: Департамент архитектуры и строительства Томской области | E67: 07WN95365И | F67: =G67+H67+I67 -> 447138.8 | G67: 18899.7 | H67: 428239.1 | J67: =SUM(K67:M67) -> 0 | K67: 0 | L67: 0 | N67: =O67+P67+Q67 -> 585915 | O67: 24765.1 | P67: 561149.9 | R67: =S67+T67+U67 -> 0 | S67: 0 | T67: 0 | V67: =J67/F67 -> 0
B68: Реализация региональных проектов модернизации первичного звена здравоохранения (строительство объектов капитального строительства медицинских организаций) | C68: 821 | D68: Департамент архитектуры и строительства Томской области | E68: 07WN9А365И | F68: =G68+H68+I68 -> 579312.7 | G68: 579312.7 | J68: =SUM(K68:M68) -> 0 | N68: =O68+P68+Q68 -> 24835.8 | O68: 24835.8 | R68: =S68+T68+U68 -> 0 | V68: =J68/F68 -> 0
B69: Реализация региональных проектов модернизации первичного звена здравоохранения (строительство объектов капитального строительства медицинских организаций) | C69: 811 | D69: Департамент здравоохранения Томской области | E69: 07WN9А365И | F69: =G69+H69+I69 -> 0 | J69: =SUM(K69:M69) -> 0 | N69: =O69+P69+Q69 -> 564882.8 | O69: 564882.8 | R69: =S69+T69+U69 -> 0 | V69: =J69/F69 -> #DIV/0!
A70: 3 | B70: Национальный проект "Образование" | C70: Х | D70: Х | E70: Х | F70: =G70+H70+I70 -> 1790246.6 | G70: =G71+G87+G91+G98+G101 -> 862154.3 | H70: =H71+H87+H91+H98+H101 -> 919927.6 | I70: =I71+I87+I91+I98+I101 -> 8164.7 | J70: =K70+L70+M70 -> 1614.6 | K70: =K71+K87+K91+K98+K101 -> 48.4 | L70: =L71+L87+L91+L98+L101 -> 1566.2 | M70: =M71+M87+M91+M98+M101 -> 0 | N70: =O70+P70+Q70 -> 130637.7 | O70: =O71+O87+O91+O98+O101 -> 52419.1 | P70: =P71+P87+P91+P98+P101 -> 78218.4 | Q70: =Q71+Q87+Q91+Q98+Q101 -> 0.2 | R70: =S70+T70+U70 -> 97475.8 | S70: =S71+S87+S91+S98+S101 -> 8772.8 | T70: =T71+T87+T91+T98+T101 -> 88702.8 | U70: =U71+U87+U91+U98+U101 -> 0.2 | V70: =J70/F70 -> 0.001
A71: 3.1 | B71: Региональный проект "Современная школа", всего | C71: Х | D71: Х | E71: Х | F71: =G71+H71+I71 -> 1501724.5 | G71: =SUM(G73:G86) -> 849239.9 | H71: =SUM(H73:H86) -> 644320.1 | I71: =SUM(I73:I86) -> 8164.5 | J71: =K71+L71+M71 -> 0 | K71: =SUM(K73:K86) -> 0 | L71: =SUM(L73:L86) -> 0 | M71: =SUM(M73:M86) -> 0 | N71: =O71+P71+Q71 -> 50000 | O71: =SUM(O73:O86) -> 50000 | P71: =SUM(P73:P86) -> 0 | Q71: =SUM(Q73:Q86) -> 0 | R71: =SUM(R73:R84) -> 0 | S71: =SUM(S73:S86) -> 0 | T71: =SUM(T73:T86) -> 0 | U71: =SUM(U73:U86) -> 0 | V71: =J71/F71 -> 0
B72: из них
B73: Оснащение зданий средствами обучения и воспитания для размещения общеобразовательных организаций | C73: 815 | D73: Департамент общего образования Томской области | E73: 09WE141880 | F73: =G73+H73+I73 -> 0 | G73: 0 | I73: 0 | J73: =K73+L73+M73 -> 0 | K73: 0 | M73: 0 | N73: =O73+P73+Q73 -> 0 | O73: 0 | R73: =S73+T73+U73 -> 0 | S73: 0 | V73: =J73/F73 -> #DIV/0!
B74: Разработка проектной документации на строительство муниципальных объектов недвижимого имущества в сфере общего образования | C74: 821 | D74: Департамент архитектуры и строительства Томской области | E74: 09WE14П010 | F74: =G74+H74+I74 -> 0 | I74: 0 | J74: =K74+L74+M74 -> 0 | M74: 0 | N74: =O74+P74+Q74 -> 0 | R74: =S74+T74+U74 -> 0 | V74: =J74/F74 -> #DIV/0!
B75: Оснащение (обновление материально-технической базы) оборудованием, средствами обучения и воспитания общеобразовательных организаций, в том числе осуществляющих образовательную деятельность по адаптированным основным общеобразовательным программам | C75: 815 | D75: Департамент общего образования Томской области | E75: 09WE151720 | F75: =G75+H75+I75 -> 42347 | G75: 1270.4 | H75: 41076.6 | J75: =K75+L75+M75 -> 0 | K75: 0 | L75: 0 | N75: =O75+P75+Q75 -> 0 | O75: 0 | P75: 0 | R75: =S75+T75+U75 -> 0 | S75: 0 | V75: =J75/F75 -> 0
B76: Создание новых мест в общеобразовательных организациях, расположенных в сельской местности и поселках городского типа, в части средств, несофинансируемых из федерального бюджета | C76: 821 | D76: Департамент архитектуры и строительства Томской области | E76: 09WE1А2300 | F76: =G76+H76+I76 -> 213549.3 | G76: 213549.3 | J76: =K76+L76+M76 -> 0 | N76: =O76+P76+Q76 -> 0 | R76: =S76+T76+U76 -> 0 | V76: =J76/F76 -> 0
B77: Создание новых мест в общеобразовательных организациях, расположенных в сельской местности и поселках городского типа, за счёт средств областного бюджета | C77: 821 | D77: Департамент архитектуры и строительства Томской области | E77: 09WE152301 | F77: =G77+H77+I77 -> 3000 | G77: 0 | I77: 3000 | J77: =K77+L77+M77 -> 0 | M77: 0 | N77: =O77+P77+Q77 -> 0 | R77: =S77+T77+U77 -> 0 | V77: =J77/F77 -> 0
B78: Единовременные компенсационные выплаты учителям, прибывшим (переехавшим) на работу в сельские населенные пункты, либо рабочие поселки, либо поселки городского типа, либо города с населением до 50 тысяч человек | C78: 815 | D78: Департамент общего образования Томской области | E78: 09WE152560 | F78: =G78+H78+I78 -> 12000 | G78: 1560 | H78: 10440 | J78: =K78+L78+M78 -> 0 | K78: 0 | L78: 0 | N78: =O78+P78+Q78 -> 0 | O78: 0 | P78: 0 | R78: =S78+T78+U78 -> 0 | S78: 0 | V78: =J78/F78 -> 0
B79: Создание новых мест в общеобразовательных организациях в связи с ростом числа обучающихся, вызванным демографическим фактором | C79: 821 | D79: Департамент архитектуры и строительства Томской области | E79: 09WE153050 | F79: =G79+H79+I79 -> 611817.4 | G79: 18334.2 | H79: 592803.5 | I79: 679.7 | J79: =K79+L79+M79 -> 0 | K79: 0 | L79: 0 | M79: 0 | N79: =O79+P79+Q79 -> 0 | O79: 0 | P79: 0 | Q79: 0 | R79: =S79+T79+U79 -> 0 | S79: 0 | V79: =J79/F79 -> 0
B80: Создание новых мест в общеобразовательных организациях в связи с ростом числа обучающихся, вызванным демографическим фактором, в части средств, несофинансируемых из федерального бюджета | C80: 821 | D80: Департамент архитектуры и строительства Томской области | E80: 09WE1А3050 | F80: =G80+H80+I80 -> 503799.8 | G80: 503799.8 | J80: =K80+L80+M80 -> 0 | N80: =O80+P80+Q80 -> 0 | R80: =S80+T80+U80 -> 0 | V80: =J80/F80 -> 0
B81: Создание новых мест в общеобразовательных организациях в связи с ростом числа обучающихся, вызванным демографическим фактором, за счёт средств областного бюджета | C81: 821 | D81: Департамент архитектуры и строительства Томской области | E81: 09WE153051 | F81: =G81+H81+I81 -> 502.3 | G81: 0 | I81: 502.3 | J81: =K81+L81+M81 -> 0 | K81: 0 | M81: 0 | N81: =O81+P81+Q81 -> 0 | O81: 0 | Q81: 0 | R81: =S81+T81+U81 -> 0 | V81: =J81/F81 -> 0
B82: Оснащение зданий средствами обучения и воспитания для размещения общеобразовательных организаций | C82: 815 | D82: Департамент общего образования Томской области | E82: 09WE1А3051 | F82: =G82+H82+I82 -> 0 | J82: =K82+L82+M82 -> 0 | N82: =O82+P82+Q82 -> 50000 | O82: 50000 | R82: =S82+T82+U82 -> 0 | V82: =J82/F82 -> #DIV/0!
B83: Оснащение зданий для размещения общеобразовательных организаций оборудованием, предусмотренным проектной документацией | C83: 815 | D83: Департамент общего образования Томской области | E83: 09WE1А3052 | F83: =G83+H83+I83 -> 108726.2 | G83: 108726.2 | J83: =K83+L83+M83 -> 0 | N83: =O83+P83+Q83 -> 0 | R83: =S83+T83+U83 -> 0 | V83: =J83/F83 -> 0
B84: Создание новых мест в общеобразовательных организациях | C84: 821 | D84: Департамент архитектуры и строительства Томской области | E84: 09WE155200 | F84: =G84+H84+I84 -> 3982.5 | G84: 0 | H84: 0 | I84: 3982.5 | J84: =K84+L84+M84 -> 0 | N84: =O84+P84+Q84 -> 0 | O84: 0 | R84: =S84+T84+U84 -> 0 | S84: 0 | V84: =J84/F84 -> 0
B85: Создание новых мест в общеобразовательных организациях за счет средств областного бюджета | C85: 821 | D85: Департамент архитектуры и строительства Томской области | E85: 09WE155201 | F85: =G85+H85+I85 -> 0 | G85: 0 | J85: =K85+L85+M85 -> 0 | N85: =O85+P85+Q85 -> 0 | O85: 0 | R85: =S85+T85+U85 -> 0 | V85: =J85/F85 -> #DIV/0!
B86: Реализация мероприятий в целях оказания услуг психолого-педагогической, методической и консультативной помощи родителям (законным представителям) детей, а также гражданам, желающим принять на воспитание в свои семьи детей, оставшихся без попечения родителей | C86: 815 | D86: Департамент общего образования Томской области | E86: 09WE164800 | F86: =G86+H86+I86 -> 2000 | G86: 2000 | J86: =K86+L86+M86 -> 0 | K86: 0 | N86: =O86+P86+Q86 -> 0 | R86: =S86+T86+U86 -> 0 | V86: =J86/F86 -> 0
A87: 3.2 | B87: Региональный проект "Успех каждого ребенка", всего | C87: Х | D87: Х | E87: Х | F87: =G87+H87+I87 -> 13948.8 | G87: =SUM(G89:G90) -> 418.5 | H87: =SUM(H89:H90) -> 13530.1 | I87: =SUM(I89:I90) -> 0.2 | J87: =K87+L87+M87 -> 0 | K87: =SUM(K89:K90) -> 0 | L87: =SUM(L89:L90) -> 0 | M87: =SUM(M89:M90) -> 0 | N87: =O87+P87+Q87 -> 0.2 | O87: =SUM(O89:O90) -> 0 | P87: =SUM(P89:P90) -> 0 | Q87: =SUM(Q89:Q90) -> 0.2 | R87: =S87+T87+U87 -> 0.2 | S87: =SUM(S89:S90) -> 0 | T87: =SUM(T89:T90) -> 0 | U87: =SUM(U89:U90) -> 0.2 | V87: =J87/F87 -> 0
B88: из них
B89: Обновление материально-технической базы для организации учебно-исследовательской, научно-практической, творческой деятельности, занятий физической культурой и спортом в образовательных организациях | C89: 821 | D89: Департамент архитектуры и строительства Томской области | E89: 09WE250980 | F89: =G89+H89+I89 -> 9335.9 | G89: 280.1 | H89: 9055.8 | I89: 0 | J89: =SUM(K89:M89) -> 0 | K89: 0 | L89: 0 | M89: 0 | N89: =O89+P89+Q89 -> 0 | O89: 0 | P89: 0 | R89: =S89+T89+U89 -> 0 | S89: 0 | V89: =J89/F89 -> 0
B90: Оснащение (обновление материально-технической базы) оборудованием, средствами обучения и воспитания образовательных организаций различных типов для реализации дополнительных общеразвивающих программ, для создания информационных систем в образовательных организациях | C90: 815 | D90: Департамент общего образования Томской области | E90: 09WE251710 | F90: =G90+H90+I90 -> 4612.9 | G90: 138.4 | H90: 4474.3 | I90: 0.2 | J90: =SUM(K90:M90) -> 0 | K90: 0 | L90: 0 | N90: =O90+P90+Q90 -> 0.2 | O90: 0 | P90: 0 | Q90: 0.2 | R90: =S90+T90+U90 -> 0.2 | S90: 0 | U90: 0.2 | V90: =J90/F90 -> 0
A91: 3.3 | B91: Региональный проект "Цифровая образовательная среда", всего | C91: Х | D91: Х | E91: Х | F91: =G91+H91+I91 -> 14826.2 | G91: =SUM(G93:G97) -> 4703.5 | H91: =SUM(H93:H97) -> 10122.7 | I91: =SUM(I93:I97) -> 0 | J91: =K91+L91+M91 -> 0 | K91: =SUM(K93:K97) -> 0 | L91: =SUM(L94:L97) -> 0 | M91: =SUM(M94:M97) -> 0 | N91: =O91+P91+Q91 -> 0 | O91: =SUM(O93:O97) -> 0 | P91: =SUM(P93:P97) -> 0 | Q91: =SUM(Q93:Q97) -> 0 | R91: =S91+T91+U91 -> 0 | S91: =SUM(S93:S97) -> 0 | T91: =SUM(T93:T97) -> 0 | U91: =SUM(U94:U97) -> 0 | V91: =J91/F91 -> 0
B92: из них
B93: Внедрение и функционирование целевой модели цифровой образовательной среды в общеобразовательных организациях | C93: 815 | D93: Департамент общего образования Томской области | E93: 09WE405070 | F93: =G93+H93+I93 -> 0 | G93: 0 | J93: =SUM(K93:M93) -> 0 | K93: 0 | N93: =O93+P93+Q93 -> 0 | O93: 0 | R93: =S93+T93+U93 -> 0 | S93: 0 | V93: =J93/F93 -> #DIV/0!
B94: Внедрение и функционирование целевой модели цифровой образовательной среды в муниципальных общеобразовательных организациях | C94: 815 | D94: Департамент общего образования Томской области | E94: 09WE441900 | F94: =G94+H94+I94 -> 0 | G94: 0 | J94: =SUM(K94:M94) -> 0 | K94: 0 | N94: =O94+P94+Q94 -> 0 | O94: 0 | R94: =S94+T94+U94 -> 0 | S94: 0 | V94: =J94/F94 -> #DIV/0!
B95: Обновление материально-технической базы образовательных организаций для внедрения цифровой образовательной среды и развития цифровых навыков обучающихся | C95: 815 | D95: Департамент общего образования Томской области | E95: 09WE452130 | F95: =G95+H95+I95 -> 0 | G95: 0 | H95: 0 | J95: =SUM(K95:M95) -> 0 | K95: 0 | L95: 0 | N95: =O95+P95+Q95 -> 0 | O95: 0 | P95: 0 | R95: =S95+T95+U95 -> 0 | S95: 0 | V95: =J95/F95 -> #DIV/0!
B96: Обновление материально-технической базы образовательных организаций для внедрения цифровой образовательной среды и развития цифровых навыков обучающихся | C96: 816 | D96: Департамент профессионального образования Томской области | E96: 09WE452130 | F96: =G96+H96+I96 -> 10435.8 | G96: 313.1 | H96: 10122.7 | J96: =SUM(K96:M96) -> 0 | K96: 0 | L96: 0 | N96: =O96+P96+Q96 -> 0 | O96: 0 | P96: 0 | R96: =S96+T96+U96 -> 0 | S96: 0 | V96: =J96/F96 -> 0
B97: Функционирование целевой модели цифровой образовательной среды в профессиональных образовательных организациях | C97: 816 | D97: Департамент профессионального образования Томской области | E97: 09WE452131 | F97: =G97+H97+I97 -> 4390.4 | G97: 4390.4 | J97: =SUM(K97:M97) -> 0 | K97: 0 | N97: =O97+P97+Q97 -> 0 | O97: 0 | R97: =S97+T97+U97 -> 0 | S97: 0 | V97: =J97/F97 -> 0
A98: 3.4 | B98: Региональный проект "Патриотическое воспитание граждан Российской Федерации" | C98: Х | D98: Х | E98: Х | F98: =G98+H98+I98 -> 80637.5 | G98: =SUM(G100:G100) -> 2419.1 | H98: =SUM(H100:H100) -> 78218.4 | I98: =SUM(I100:I100) -> 0 | J98: =K98+L98+M98 -> 1614.6 | K98: =SUM(K100:K100) -> 48.4 | L98: =SUM(L100:L100) -> 1566.2 | M98: =SUM(M100:M100) -> 0 | N98: =O98+P98+Q98 -> 80637.5 | O98: =SUM(O100:O100) -> 2419.1 | P98: =SUM(P100:P100) -> 78218.4 | Q98: =SUM(Q100:Q100) -> 0 | R98: =S98+T98+U98 -> 97475.6 | S98: =SUM(S100:S100) -> 8772.8 | T98: =SUM(T100:T100) -> 88702.8 | U98: =SUM(U100:U100) -> 0 | V98: =J98/F98 -> 0.02
B99: из них
B100: Проведение мероприятий по обеспечению деятельности советников директора по воспитанию и взаимодействию с детскими общественными объединениями в общеобразовательных организациях | C100: 815 | D100: Департамент общего образования Томской области | E100: 09WEВ51790 | F100: =G100+H100+I100 -> 80637.5 | G100: 2419.1 | H100: 78218.4 | J100: =SUM(K100:L100) -> 1614.6 | K100: 48.4 | L100: 1566.24 | N100: =O100+P100+Q100 -> 80637.5 | O100: 2419.1 | P100: 78218.4 | R100: =S100+T100+U100 -> 97475.6 | S100: 8772.8 | T100: 88702.8 | V100: =J100/F100 -> 0.02
A101: 3.5 | B101: Региональный проект "Развитие системы поддержки молодежи ("Молодежь России")" | C101: Х | D101: Х | E101: Х | F101: =G101+H101+I101 -> 179109.6 | G101: =G103 -> 5373.3 | H101: =H103 -> 173736.3 | I101: =I103 -> 0 | J101: =SUM(K101:L101) -> 0 | K101: =K103 -> 0 | L101: =L103 -> 0 | M101: =M103 -> 0 | N101: =O101+P101+Q101 -> 0 | O101: =O103 -> 0 | P101: =P103 -> 0 | Q101: =Q103 -> 0 | R101: =S101+T101+U101 -> 0 | S101: =S103 -> 0 | T101: =T103 -> 0 | U101: =U103 -> 0 | V101: =J101/F101 -> 0
B102: из них
...

Sheet Лист2
A5: Информация о плановых ассигнованиях и кассовом исполнении расходов консолидированного бюджета Томской области на реализацию региональных проектов Томской области по состоянию на 06.11.2023
A8: № п/п | B8: Наименование | C8: 2023 год | I8: % исполнения
C9: Плановые ассигнования, в том числе | F9: Кассовое исполнение, в том числе
C10: ИТОГО | D10: за счет средств регионального и местного бюджетов | E10: за счет средств федерального бюджета | F10: ИТОГО | G10: за счет средств регионального и местного бюджетов | H10: за счет средств федерального бюджета | I10: ИТОГО | J10: за счет средств регионального и местного бюджетов | K10: за счет средств федерального бюджета
A11: 1 | B11: 2 | C11: 3 | D11: 4 | E11: 5 | F11: 6 | G11: 7 | H11: 8 | I11: 9 | J11: 10 | K11: 11
B12: ВСЕГО: | C12: =Лист1!F12 -> 17481209 | D12: =Лист1!G12+Лист1!I12 -> 7431531.5 | E12: =Лист1!H12 -> 10049678 | F12: =Лист1!J12 -> 160465.1 | G12: =Лист1!K12+Лист1!M12 -> 131968 | H12: =Лист1!L12 -> 28497.1 | I12: =F12/C12 -> 0.009 | J12: =G12/D12 -> 0.018 | K12: =H12/E12 -> 0.003
A13: 1 | B13: Национальный проект "Безопасные качественные дороги" | C13: =Лист1!F144 -> 8068175.4 | D13: =Лист1!G144+Лист1!I144 -> 3982467.1 | E13: =Лист1!H144 -> 4085708.3 | F13: =Лист1!J144 -> 126603.5 | G13: =Лист1!K144+Лист1!M144 -> 126603.5 | H13: =Лист1!L144 -> 0 | I13: =F13/C13 -> 0.016 | J13: =G13/D13 -> 0.032 | K13: =H13/E13 -> 0
A14: 2 | B14: Национальный проект "Жилье и городская среда" | C14: =Лист1!F111 -> 595482.8 | D14: =Лист1!G111+Лист1!I111 -> 128070.4 | E14: =Лист1!H111 -> 467412.4 | F14: =Лист1!J111 -> 0 | G14: =Лист1!K111+Лист1!M111 -> 0 | H14: =Лист1!L111 -> 0 | I14: =F14/C14 -> 0 | J14: =G14/D14 -> 0 | K14: =H14/E14 -> 0
A15: 3 | B15: Национальный проект "Здравоохранение" | C15: =Лист1!F41 -> 2032975.4 | D15: =Лист1!G41+Лист1!I41 -> 1001967.4 | E15: =Лист1!H41 -> 1031008 | F15: =Лист1!J41 -> 70.2 | G15: =Лист1!K41+Лист1!M41 -> 2.1 | H15: =Лист1!L41 -> 68.1 | I15: =F15/C15 -> 0 | J15: =G15/D15 -> 0 | K15: =H15/E15 -> 0
A16: 4 | B16: Национальный проект "Образование" | C16: =Лист1!F70 -> 1790246.6 | D16: =Лист1!G70+Лист1!I70 -> 870319 | E16: =Лист1!H70 -> 919927.6 | F16: =Лист1!J70 -> 1614.6 | G16: =Лист1!K70+Лист1!M70 -> 48.4 | H16: =Лист1!L70 -> 1566.2 | I16: =F16/C16 -> 0.001 | J16: =G16/D16 -> 0 | K16: =H16/E16 -> 0.002
A17: 5 | B17: Национальный проект "Демография" | C17: =Лист1!F13 -> 524904.9 | D17: =Лист1!G13+Лист1!I13 -> 224722.5 | E17: =Лист1!H13 -> 300182.4 | F17: =Лист1!J13 -> 15080.7 | G17: =Лист1!K13+Лист1!M13 -> 4801.1 | H17: =Лист1!L13 -> 10279.6 | I17: =F17/C17 -> 0.029 | J17: =G17/D17 -> 0.021 | K17: =H17/E17 -> 0.034
A18: 6 | B18: Национальный проект "Культура" | C18: =Лист1!F163 -> 464895.1 | D18: =Лист1!G163+Лист1!I163 -> 57739.7 | E18: =Лист1!H163 -> 407155.4 | F18: =Лист1!J163 -> 0 | G18: =Лист1!K163+Лист1!M163 -> 0 | H18: =Лист1!L163 -> 0 | I18: =F18/C18 -> 0 | J18: =G18/D18 -> 0 | K18: =H18/E18 -> 0
A19: 7 | B19: Национальный проект "Экология" | C19: =Лист1!F127 -> 991348.3 | D19: =Лист1!G127+Лист1!I127 -> 755730.3 | E19: =Лист1!H127 -> 235618 | F19: =Лист1!J127 -> 0 | G19: =Лист1!K127+Лист1!M127 -> 0 | H19: =Лист1!L127 -> 0 | I19: =F19/C19 -> 0 | J19: =G19/D19 -> 0 | K19: =H19/E19 -> 0
A20: 8.3 | B20: Региональный проект "Цифровая культура" | C20: =Лист1!F184 -> 0 | D20: =Лист1!G184+Лист1!I184 -> 0 | E20: =Лист1!H184 -> 0 | F20: =Лист1!J184 -> 0 | G20: =Лист1!K184+Лист1!M184 -> 0 | H20: =Лист1!L184 -> 0 | I20: =F20/C20 -> #DIV/0! | J20: =G20/D20 -> #DIV/0! | K20: =H20/E20 -> #DIV/0!
B21: из них | C21: =Лист1!F185 -> 0 | D21: =Лист1!G185+Лист1!I185 -> 0 | E21: =Лист1!H185 -> 0 | F21: =Лист1!J185 -> 0 | G21: =Лист1!K185+Лист1!M185 -> 0 | H21: =Лист1!L185 -> 0 | I21: =F21/C21 -> #DIV/0! | J21: =G21/D21 -> #DIV/0! | K21: =H21/E21 -> #DIV/0!
C22: =Лист1!F186 -> 0 | D22: =Лист1!G186+Лист1!I186 -> 0 | E22: =Лист1!H186 -> 0 | F22: =Лист1!J186 -> 0 | G22: =Лист1!K186+Лист1!M186 -> 0 | H22: =Лист1!L186 -> 0 | I22: =F22/C22 -> #DIV/0! | J22: =G22/D22 -> #DIV/0! | K22: =H22/E22 -> #DIV/0!
A23: 8 | B23: Национальный проект "Малое и среднее предпринимательство и поддержка индивидуальной предпринимательской инициативы" | C23: =Лист1!F187 -> 114229.8 | D23: =Лист1!G187+Лист1!I187 -> 13876.9 | E23: =Лист1!H187 -> 100352.9 | F23: =Лист1!J187 -> 0 | G23: =Лист1!K187+Лист1!M187 -> 0 | H23: =Лист1!L187 -> 0 | I23: =F23/C23 -> 0 | J23: =G23/D23 -> 0 | K23: =H23/E23 -> 0
A24: 9 | B24: Национальный проект "Туризм и индустрия гостеприимства" | C24: =Лист1!F218 -> 59474.9 | D24: =Лист1!G218+Лист1!I218 -> 1784.3 | E24: =Лист1!H218 -> 57690.6 | F24: =Лист1!J218 -> 0 | G24: =Лист1!K218+Лист1!M218 -> 0 | H24: =Лист1!L218 -> 0 | I24: =F24/C24 -> 0 | J24: =G24/D24 -> 0 | K24: =H24/E24 -> 0
A25: 10 | B25: Национальный проект "Производительность труда и поддержка занятости" | C25: =Лист1!F206 -> 23596.1 | D25: =Лист1!G206+Лист1!I206 -> 7012.9 | E25: =Лист1!H206 -> 16583.2 | F25: =Лист1!J206 -> 17096.1 | G25: =Лист1!K206+Лист1!M206 -> 512.9 | H25: =Лист1!L206 -> 16583.2 | I25: =F25/C25 -> 0.725 | J25: =G25/D25 -> 0.073 | K25: =H25/E25 -> 1
A26: 11 | B26: Национальный проект "Международная кооперация и экспорт" | C26: =Лист1!F213 -> 2875.7 | D26: =Лист1!G213+Лист1!I213 -> 86.3 | E26: =Лист1!H213 -> 2789.4 | F26: =Лист1!J213 -> 0 | G26: =Лист1!K213+Лист1!M213 -> 0 | H26: =Лист1!L213 -> 0 | I26: =F26/C26 -> 0 | J26: =G26/D26 -> 0 | K26: =H26/E26 -> 0
A27: 12 | B27: Национальный проект "Цифровая экономика" | C27: =Лист1!F104 -> 1930 | D27: =Лист1!G104+Лист1!I104 -> 1930 | E27: =Лист1!H104 -> 0 | F27: =Лист1!J104 -> 0 | G27: =Лист1!K104+Лист1!M104 -> 0 | H27: =Лист1!L104 -> 0 | I27: =F27/C27 -> 0 | J27: =G27/D27 -> 0

Sheet Лист3
A1: Наименование национального проекта | B1: План | C1: в том числе | G1: Кассовое исполнение | H1: % исполнения
C2: не требуется заключение гос.контрактов | D2: требуется заключение гос. контрактов | E2: из них
E3: законтрактовано на 18.09.2023 | F3: %
A4: 2 | B4: 2 | C4: 3 | D4: 4 | E4: 5 | F4: 6 | G4: 7 | H4: 8
A5: ВСЕГО: | B5: =Лист2!C12/1000 -> 17481.2 | C5: =SUM(C6:C17) -> 1169.8 | D5: =SUM(D6:D17) -> 17781.8 | E5: =SUM(E6:E17) -> 14754.7 | F5: 86.3 | G5: =Лист2!F12/1000 -> 160.5 | H5: =G5/B5 -> 0.009 | I5: =SUM(C5:D5) -> 18951.6 | J5: =I5-B5 -> 1470.4
A6: "Безопасные качественные дороги" | B6: =Лист2!C13/1000 -> 8068.2 | C6: 1.8 | D6: =7513.4+380.9 -> 7894.3 | E6: 7144.2 | F6: 95.1 | G6: =Лист2!F13/1000 -> 126.6 | H6: =G6/B6 -> 0.016 | I6: =SUM(C6:D6) -> 7896.1 | J6: =I6-B6 -> -172.1
A7: "Жилье и городская среда" | B7: =Лист2!C14/1000 -> 595.5 | C7: 9.8 | D7: =5801.2+301.8 -> 6103 | E7: 4226.6 | F7: 72.9 | G7: =Лист2!F14/1000 -> 0 | H7: =G7/B7 -> 0 | I7: =SUM(C7:D7) -> 6112.8 | J7: =I7-B7 -> 5517.3
A8: "Здравоохранение" | B8: =Лист2!C15/1000 -> 2033 | C8: 0 | D8: 1981.7 | E8: 1872.4 | F8: 94.5 | G8: =Лист2!F15/1000 -> 0.1 | H8: =G8/B8 -> 0 | I8: =SUM(C8:D8) -> 1981.7 | J8: =I8-B8 -> -51.3
A9: "Образование" | B9: =Лист2!C16/1000 -> 1790.2 | C9: =241.7+110.8 -> 352.5 | D9: 1029 | E9: 777.9 | F9: 75.6 | G9: =Лист2!F16/1000 -> 1.6 | H9: =G9/B9 -> 0.001 | I9: =SUM(C9:D9) -> 1381.5 | J9: =I9-B9 -> -408.7
A10: "Демография" | B10: =Лист2!C17/1000-0.1 -> 524.8 | C10: =823.3-262.9 -> 560.4 | D10: 53.7 | E10: 33.4 | F10: 62.2 | G10: =Лист2!F17/1000 -> 15.1 | H10: =G10/B10 -> 0.029 | I10: =SUM(C10:D10) -> 614.1 | J10: =I10-B10 -> 89.3
A11: "Культура" | B11: =Лист2!C18/1000 -> 464.9 | C11: =1.4+20.6 -> 22 | D11: 478.5 | E11: 473.4 | F11: 98.9 | G11: =Лист2!F18/1000 -> 0 | H11: =G11/B11 -> 0 | I11: =SUM(C11:D11) -> 500.5 | J11: =I11-B11 -> 35.6
A12: "Экология" | B12: =Лист2!C19/1000 -> 991.3 | C12: 0 | D12: 217.3 | E12: 202.5 | F12: 95 | G12: =Лист2!F19/1000 -> 0 | H12: =G12/B12 -> 0 | I12: =SUM(C12:D12) -> 217.3 | J12: =I12-B12 -> -774
A13: "Малое и среднее предпринимательство и поддержка индивидуальной предпринимательской инициативы" | B13: =Лист2!C23/1000 -> 114.2 | C13: 163.1 | G13: =Лист2!F23/1000 -> 0 | H13: =G13/B13 -> 0 | I13: =SUM(C13:D13) -> 163.1 | J13: =I13-B13 -> 48.9
A14: "Туризм и индустрия гостеприимства" | B14: =Лист2!C24/1000 -> 59.5 | C14: 20.7 | D14: 22.4 | E14: 22.4 | F14: 100 | G14: =Лист2!F24/1000 -> 0 | H14: =G14/B14 -> 0 | I14: =SUM(C14:D14) -> 43.1 | J14: =I14-B14 -> -16.4
A15: "Производительность труда и поддержка занятости" | B15: =Лист2!C25/1000 -> 23.6 | C15: 30.9 | G15: =Лист2!F25/1000 -> 17.1 | H15: =G15/B15 -> 0.725 | I15: =SUM(C15:D15) -> 30.9 | J15: =I15-B15 -> 7.3
A16: "Международная кооперация и экспорт" | B16: =Лист2!C26/1000 -> 2.9 | C16: 8.6 | G16: =Лист2!F26/1000 -> 0 | H16: =G16/B16 -> 0 | I16: =SUM(C16:D16) -> 8.6 | J16: =I16-B16 -> 5.7
A17: "Цифровая экономика" | B17: =Лист2!C27/1000 -> 1.9 | C17: 0 | D17: 1.9 | E17: 1.9 | F17: 100 | G17: =Лист2!F27/1000 -> 0 | H17: =G17/B17 -> 0 | I17: =SUM(C17:D17) -> 1.9 | J17: =I17-B17 -> 0
B19: =SUM(B6:B17)-B5 -> -2811.2 | C19: =SUM(C6:C17)-C5 -> 0 | D19: =SUM(D6:D17)-D5 -> 0 | E19: =SUM(E6:E17)-E5 -> 0 | G19: =SUM(G6:G17)-G5 -> 0
A33: № п/п | B33: Наименование национального проекта | C33: 2023 год | I33: % исполнения
C34: Плановые ассигнования, | F34: Кассовое исполнение,
C35: в том числе | F35: в том числе
C36: Итого | D36: за счет средств областного и местного бюджетов | E36: за счет средств федераль-ного бюджета | F36: Итого | G36: за счет средств областного и местного бюджетов | H36: за счет средств федераль-ного бюджета | I36: Итого | J36: областной и | K36: федера-льный бюджет
J37: местный бюджет
A38: 1 | B38: 2 | C38: 3 | D38: 4 | E38: 5 | F38: 6 | G38: 7 | H38: 8 | I38: 9 | J38: 10 | K38: 11
B39: ВСЕГО: | C39: 18951.6 | D39: 7519.2 | E39: 11432.4 | F39: 12461.6 | G39: 5060 | H39: 7401.6 | I39: 0.658 | J39: 0.673 | K39: 0.647 | L39: =F39/C39 -> 0.658 | M39: =G39/D39 -> 0.673 | N39: =H39/E39 -> 0.647 | O39: =L39-I39 -> 0 | P39: =M39-J39 -> 0 | Q39: =N39-K39 -> 0
A40: 1 | B40: Безопасные качественные дороги | C40: 7896.1 | D40: 4487.2 | E40: 3408.9 | F40: 6027.9 | G40: 3117.3 | H40: 2910.6 | I40: 0.763 | J40: 0.695 | K40: 0.854 | L40: =F40/C40 -> 0.763 | M40: =G40/D40 -> 0.695 | N40: =H40/E40 -> 0.854 | O40: =L40-I40 -> 0 | P40: =M40-J40 -> 0 | Q40: =N40-K40 -> 0
A41: 2 | B41: Жилье и городская среда | C41: 6112.8 | D41: 1347.1 | E41: 4765.7 | F41: 3165 | G41: 894 | H41: 2271 | I41: 0.518 | J41: 0.664 | K41: 0.477 | L41: =F41/C41 -> 0.518 | M41: =G41/D41 -> 0.664 | N41: =H41/E41 -> 0.477 | O41: =L41-I41 -> 0 | P41: =M41-J41 -> 0 | Q41: =N41-K41 -> 0
A42: 3 | B42: Здравоохранение | C42: 1981.7 | D42: 423.9 | E42: 1557.8 | F42: 1168 | G42: 328.5 | H42: 839.5 | I42: 0.589 | J42: 0.775 | K42: 0.539 | L42: =F42/C42 -> 0.589 | M42: =G42/D42 -> 0.775 | N42: =H42/E42 -> 0.539 | O42: =L42-I42 -> 0 | P42: =M42-J42 -> 0 | Q42: =N42-K42 -> 0
A43: 4 | B43: Образование | C43: 1381.5 | D43: 848.3 | E43: 533.2 | F43: 902.6 | G43: 427.7 | H43: 474.9 | I43: 0.653 | J43: 0.504 | K43: 0.891 | L43: =F43/C43 -> 0.653 | M43: =G43/D43 -> 0.504 | N43: =H43/E43 -> 0.891 | O43: =L43-I43 -> 0 | P43: =M43-J43 -> 0 | Q43: =N43-K43 -> 0
A44: 5 | B44: Демография | C44: 614.1 | D44: 212.1 | E44: 402 | F44: 552.9 | G44: 187.3 | H44: 365.6 | I44: 0.9 | J44: 0.883 | K44: 0.909 | L44: =F44/C44 -> 0.9 | M44: =G44/D44 -> 0.883 | N44: =H44/E44 -> 0.909 | O44: =L44-I44 -> 0 | P44: =M44-J44 -> 0 | Q44: =N44-K44 -> 0
A45: 6 | B45: Культура | C45: 500.5 | D45: 131 | E45: 369.5 | F45: 338.7 | G45: 70.3 | H45: 268.4 | I45: 0.677 | J45: 0.537 | K45: 0.726 | L45: =F45/C45 -> 0.677 | M45: =G45/D45 -> 0.537 | N45: =H45/E45 -> 0.726 | O45: =L45-I45 -> 0 | P45: =M45-J45 -> 0 | Q45: =N45-K45 -> 0
A46: 7 | B46: Экология | C46: 217.3 | D46: 49 | E46: 168.3 | F46: 128.7 | G46: 16.6 | H46: 112.1 | I46: 0.592 | J46: 0.339 | K46: 0.666 | L46: =F46/C46 -> 0.592 | M46: =G46/D46 -> 0.339 | N46: =H46/E46 -> 0.666 | O46: =L46-I46 -> 0 | P46: =M46-J46 -> 0 | Q46: =N46-K46 -> 0
A47: 8 | B47: Малое и среднее предпринимательство и поддержка индивидуальной предпринимательской инициативы | C47: 163.1 | D47: 5.9 | E47: 157.2 | F47: 119.3 | G47: 4.3 | H47: 115 | I47: 0.731 | J47: 0.729 | K47: 0.732 | L47: =F47/C47 -> 0.731 | M47: =G47/D47 -> 0.729 | N47: =H47/E47 -> 0.732 | O47: =L47-I47 -> 0 | P47: =M47-J47 -> 0 | Q47: =N47-K47 -> 0
A48: 9 | B48: Туризм и индустрия гостеприимства | C48: 43.1 | D48: 1.3 | E48: 41.8 | F48: 25.7 | G48: 0.8 | H48: 24.9 | I48: 0.596 | J48: 0.615 | K48: 0.596 | L48: =F48/C48 -> 0.596 | M48: =G48/D48 -> 0.615 | N48: =H48/E48 -> 0.596 | O48: =L48-I48 -> 0 | P48: =M48-J48 -> 0 | Q48: =N48-K48 -> 0
A49: 10 | B49: Производительность труда и поддержка занятости | C49: 30.9 | D49: 11.3 | E49: 19.6 | F49: 30.9 | G49: 11.3 | H49: 19.6 | I49: 1 | J49: 1 | K49: 1 | L49: =F49/C49 -> 1 | M49: =G49/D49 -> 1 | N49: =H49/E49 -> 1 | O49: =L49-I49 -> 0 | P49: =M49-J49 -> 0 | Q49: =N49-K49 -> 0
A50: 11 | B50: Международная кооперация и экспорт | C50: 8.6 | D50: 0.2 | E50: 8.4 | F50: 0 | G50: 0 | H50: 0 | I50: 0 | J50: 0 | K50: 0 | L50: =F50/C50 -> 0 | M50: =G50/D50 -> 0 | N50: =H50/E50 -> 0 | O50: =L50-I50 -> 0 | P50: =M50-J50 -> 0 | Q50: =N50-K50 -> 0
A51: 12 | B51: Цифровая экономика | C51: 1.9 | D51: 1.9 | E51: 0 | F51: 1.9 | G51: 1.9 | H51: 0 | I51: 1 | J51: 1 | L51: =F51/C51 -> 1 | M51: =G51/D51 -> 1 | N51: =H51/E51 -> #DIV/0! | O51: =L51-I51 -> 0 | P51: =M51-J51 -> 0 | Q51: =N51-K51 -> #DIV/0!
C52: =SUM(C40:C51) -> 18951.6 | D52: =SUM(D40:D51) -> 7519.2 | E52: =SUM(E40:E51) -> 11432.4 | F52: =SUM(F40:F51) -> 12461.6 | G52: =SUM(G40:G51) -> 5060 | H52: =SUM(H40:H51) -> 7401.6
C53: =C52-C39 -> 0 | D53: =D52-D39 -> 0 | E53: =E52-E39 -> 0 | F53: =F52-F39 -> 0 | G53: =G52-G39 -> 0 | H53: =H52-H39 -> 0
